 Dungeon Crawl Stone Soup version 0.30-a0-702-gdf48620a09 (webtiles) character file.

Game seed: 17440474013208415865

1885 Bnni the Skirmisher (level 9, 0/64 HPs)
             Began as a Formicid Hexslinger on Jan 21, 2023.
             Was a Priest of Okawaru.
             Succumbed to a water moccasin's poison
             ... on level 6 of the Dungeon.
             The game lasted 00:07:22 (4492 turns).

Bnni the Skirmisher (Formicid Hexslinger)           Turns: 4492, Time: 00:07:22

Health: 0/64       AC:  8    Str: 14 (15) XL:     9   Next: 36%
Magic:  2/13       EV: 12    Int: 13 (15) God:    Okawaru [***...]
Gold:   246        SH:  0    Dex: 13 (16) Spells: 3/14 levels left

rFire   + . .      SeeInvis +    x - +2 dagger (venom)
rCold   . . .      Faith    .    (no shield)
rNeg    . . .      Spirit   .    y - +2 steam dragon scales
rPois   .          Reflect  .    (helmet unavailable)
rElec   .          Harm     .    (no cloak)
rCorr   .          Rampage  .    i - +0 pair of gloves
Will    .....                    (no boots)
Stlth   +                        m - amulet of the acrobat
HPRegen 0.30/turn                v - ring of protection from fire
MPRegen 0.13/turn                (no ring)

@: lethally poisoned (0 -> -7)
A: permanent stasis, dig shafts and tunnels, antennae 3, four strong arms
a: Dig, Shaft Self, Renounce Religion, Heroism


You were on level 6 of the Dungeon.
You worshipped Okawaru.
Okawaru was most pleased with you.
You visited 1 branch of the dungeon, and saw 6 of its levels.

You collected 246 gold pieces.

Inventory:

Hand Weapons
 a - a +1 sling
 x - a +2 dagger of venom (weapon)
Missiles
 u - 5 curare-tipped darts
 w - 7 poisoned darts
Armour
 i - a +0 pair of gloves (worn)
 l - a +0 tower shield
 y - +2 steam dragon scales (worn)
Jewellery
 m - an amulet of the acrobat (around neck)
 v - a ring of protection from fire (left hand)
Scrolls
 b - 2 scrolls of poison
 c - a scroll of teleportation {unknown}
 g - 2 scrolls of fog {unknown}
 h - 2 scrolls of summoning {unknown}
 j - a scroll of vulnerability {unknown}
 k - 2 scrolls of amnesia {unknown}
 n - a scroll of enchant weapon {unknown}
 o - a scroll of brand weapon {unknown}
Potions
 d - 2 potions of might
 e - 3 potions of brilliance
 f - a potion of degeneration
 p - 2 potions of lignification
 q - a potion of attraction {unknown}
 r - a potion of berserk rage {unknown}
 s - a potion of experience
 t - a potion of mutation {unknown}
 z - a potion of ambrosia {unknown}


   Skills:
 + Level 3.3 Fighting
 * Level 13.2 Ranged Weapons
 - Level 1.7 Dodging
 + Level 3.2 Shields
 - Level 3.0 Spellcasting
 * Level 6.4 Hexes
 - Level 3.0 Fire Magic
 + Level 3.2 Invocations


You had 3 spell levels left.
You knew the following spells:

 Your Spells              Type           Power      Damage    Failure   Level
a - Slow                  Hex            72%        N/A       1%          1
b - Inner Flame           Hex/Fire       14%        N/A       10%         3
c - Portal Projectile     Hex/Tloc       20%        N/A       19%         3
d - Cause Fear            Hex            9%         N/A       17%         4

Your spell library contained the following spells:

 Spells                   Type           Power      Damage    Failure   Level
 Confusing Touch          Hex            18%        N/A       4%          3
 Apportation              Tloc           2%         N/A       22%         1
 Kiss of Death            Conj/Necr      4%         2d5       22%         1
 Necrotise                Necr           4%         1d4       22%         1
 Sandblast                Erth           2%         2d4       22%         1
 Sting                    Tmut/Pois      4%         1d3       22%         1
 Passwall                 Tmut/Erth      0%         N/A       34%         2
 Poisonous Vapours        Pois/Air       2%         N/A       34%         2
 Stone Arrow              Conj/Erth      2%         3d7       56%         3
 Dispel Undead            Necr           1%         3d6       92%         4
 Olgreb's Toxic Radiance  Pois           1%         N/A       92%         4
 Alistair's Intoxication  Tmut/Pois      0%         N/A       99%         5
 Storm Form               Tmut/Air       0%         N/A       100%        7
 Maxwell's Capacitive Co  Air            0%         ∞         100%        8
 Summon Small Mammal      Summ           Unusable   N/A       N/A         1
 Summon Lightning Spire   Summ/Air       Unusable   N/A       N/A         4

Dungeon Overview and Level Annotations

Branches:
Dungeon (6/15)
 Temple: D:4-7

Altars:
Fedhas
Kikubaaqudgha
Okawaru
Qazlal
Sif Muna
Vehumet
Zin


Innate Abilities, Weirdness & Mutations

You cannot be hasted, slowed, berserked, paralysed or teleported.
You can dig through walls and to a lower floor.
You have a pair of large antennae on your head. (SInv)
Your four strong arms can wield two-handed weapons with a shield.


Message History

The water moccasin is lightly wounded.
You feel sick. The water moccasin barely misses you.
You barely miss the water moccasin.
The water moccasin is moderately wounded.
You feel sick. The water moccasin bites you.
* * * LOW HITPOINT WARNING * * *
You are lethally poisoned!
The water moccasin poisons you!
Casting: Slow (safe; 1% risk of failure)
Confirm with . or Enter, or press ? or * to list all spells.
Casting: Cause Fear (dangerous; 14% risk of failure)
Press: ? - help, Dir - look around, f - activate The water moccasin easily resists.
* * * LOW HITPOINT WARNING * * *
You feel very sick. The water moccasin closely misses you.
Casting: Cause Fear (dangerous; 14% risk of failure)
Confirm with . or Enter, or press ? or * to list all spells.
Casting: Cause Fear (dangerous; 14% risk of failure)
Press: ? - help, Dir - look around, f - activate The water moccasin looks frightened!
* * * LOW HITPOINT WARNING * * *
You feel very sick.
* * * LOW HITPOINT WARNING * * *
You feel very sick.
The water moccasin is no longer moving slowly.
It was a potion of degeneration.
There was something very wrong with that liquid.
You feel weakened.
You feel dopey.
You feel clumsy.
* * * LOW HITPOINT WARNING * * *
You feel very sick.
It was a potion of experience.
You feel more experienced!
Your Ranged Weapons skill gained 9 levels and is now at level 13!
You have reached level 9!
Your experience leads to an increase in your attributes!
Your base attributes are Str 15, Int 15, Dex 14.
Increase (S)trength, (I)ntelligence, or (D)exterity?
You feel agile. x2
You die...

##### ##@..#
##.###.#
############.##
..
#...........##
.{.
#.########..#
... #.# #..# ..
#.# #.#.# . #.#
#.##.# #.## #.#
...


There were no monsters in sight!

Vanquished Creatures
  Maggie (D:6)
  The ghost of LetschGu the Shooter, an amateur TeHu of the Shining One (D:5)
  2 kobold brigands
  A scorpion (D:6)
  A howler monkey (D:5)
  3 hounds (D:5)
  3 gnolls (D:5)
  7 adders
  An ufetubus (D:5)
  A worm (D:2)
  2 dart slugs
  6 orcs
  2 ball pythons
  An endoplasm (D:1)
  4 giant cockroaches
  2 goblins
  3 hobgoblins
  3 jackals (D:1)
  6 quokkas
  4 bats
  5 frilled lizards
  15 kobolds
  8 rats
82 creatures vanquished.

Vanquished Creatures (others)
  2 fungi (D:5)
  2 plants (D:5)
4 creatures vanquished.

Grand Total: 86 creatures vanquished

Notes
Turn   | Place    | Note
-------+----------+-------------------------------------------
     0 | D:1      | Bnni the Formicid Hexslinger began the quest for the Orb.
     0 | D:1      | Reached XP level 1. HP: 15/15 MP: 2/2
   237 | D:1      | Reached XP level 2. HP: 21/21 MP: 3/3
   300 | D:1      | Found a faded altar of an unknown god.
   324 | D:1      | Prayed at the altar of an unknown god.
   324 | D:1      | Became a worshipper of Warmaster Okawaru
   324 | D:1      | Reached * piety under Okawaru
   588 | D:1      | Reached skill level 1 in Fire Magic
   659 | D:1      | Reached XP level 3. HP: 26/26 MP: 4/4
   663 | D:1      | Learned a level 3 spell: Inner Flame
  1413 | D:2      | Reached XP level 4. HP: 27/32 MP: 6/6
  1889 | D:3      | Found a stormy altar of Qazlal.
  2571 | D:3      | Found a shimmering blue altar of Sif Muna.
  2754 | D:4      | Found a radiant altar of Vehumet.
  2843 | D:4      | You fall into a shaft and drop 1 floor!
  2843 | D:5      | Entered Level 5 of the Dungeon
  2843 | D:5      | Found a blossoming altar of Fedhas.
  2865 | D:5      | Reached skill level 1 in Invocations
  2865 | D:5      | Reached XP level 5. HP: 26/38 MP: 5/7
  3066 | D:5      | Reached skill level 3 in Ranged Weapons
  3079 | D:5      | Reached skill level 1 in Shields
  3233 | D:5      | Found a runed translucent gate.
  3233 | D:5      | Found a runed translucent gate.
  3233 | D:5      | Found a runed translucent gate.
  3234 | D:5      | Noticed a kobold brigand
  3235 | D:5      | Noticed LetschGu's ghost (amateur TeHu)
  3280 | D:5      | Found a glowing silver altar of Zin.
  3280 | D:5      | Found an ancient bone altar of Kikubaaqudgha.
  3306 | D:5      | HP: 1/38 [hound (5)]
  3309 | D:5      | Reached ** piety under Okawaru
  3310 | D:5      | Reached XP level 6. HP: 2/44 MP: 6/8
  3618 | D:5      | Learned a level 4 spell: Cause Fear
  3866 | D:5      | Reached skill level 5 in Hexes
  3866 | D:5      | Killed LetschGu's ghost
  3867 | D:5      | Reached XP level 7. HP: 24/51 MP: 4/10
  4100 | D:6      | Noticed Maggie
  4107 | D:6      | Killed Maggie
  4107 | D:6      | Reached *** piety under Okawaru
  4108 | D:6      | Reached skill level 4 in Ranged Weapons
  4108 | D:6      | Reached XP level 8. HP: 58/58 MP: 4/12
  4185 | D:6      | Learned a level 3 spell: Portal Projectile
  4491 | D:6      | HP: 2/58 [poisoned by a water moccasin]
  4492 | D:6      | Reached skill level 13 in Ranged Weapons
  4492 | D:6      | Reached XP level 9. HP: 2/64 MP: 2/13
  4492 | D:6      | Succumbed to a water moccasin's poison

Illustrated notes

Levels and vault maps discovered:
D:1:      dpeg_arrival_tiny_f, layout_basic,
          hellmonk_ecumenical_altar_dog_temple
D:2:      layout_basic, solitary_fountain, minivault_24, grunt_decor_cap
D:3:      layout_basic, lemuel_round_altar, lemuel_crystal_altar, hex_medium
D:4:      due_chaos_kobolds, layout_basic, trog_hazing_becter,
          mainiacjoe_overflow_concentric_impassable,
          minmay_temple_entry_slanted, uniq_eustachio
D:5:      layout_rooms, mainiacjoe_overflow_surrounded_room,
          chequers_temple_overflow_statue_of_worship,
          gammafunk_ghost_nasty_kobolds, minivault_19
D:6:      layout_loops_ring, dreamdust_princess_bridge, uniq_maggie

Skill      XL: |  1  2  3  4  5  6  7  8 |
---------------+-------------------------+-----
Fire Magic     | 1 2 3 |  3.0
Hexes          | 4 5 6 |  6.4
Invocations    | 1 2 3 |  3.2
Fighting       | 2 3 |  3.3
Ranged Weapons | 3 4 13 | 13.2
Shields        | 1 2 3 |  3.2
Spellcasting   | 2 3 |  3.0
Dodging        | |  1.7

Action                   |  1- 3 |  4- 6 |  7- 9 || total
-------------------------+-------+-------+-------++-------
Melee: Unarmed           |       |     1 |       ||     1
       Dagger            |       |       |     7 ||     7
 Fire: Sling             |   117 |   153 |    79 ||   349
Throw: Dart              |       |       |     1 ||     1
 Cast: Slow              |     5 |    13 |     5 ||    23
       Inner Flame       |       |     3 |     2 ||     5
       Cause Fear        |       |       |     2 ||     2
  Use: Scroll            |       |     3 |     1 ||     4
       Potion            |       |     1 |     2 ||     3
Armor: Robe              |    15 |    21 |     2 ||    38
       Steam dragon scal |       |       |    23 ||    23
Dodge: Dodged            |    58 |    66 |    40 ||   164

Table legend: (Time is in decaauts)
 A = Elapsed time spent in this place.
 B = Non-inter-level travel time spent in this place.
 C = Inter-level travel time spent in this place.
 D = Time resting spent in this place.
 E = Time spent auto-exploring this place.
 F = Levels seen in this place.
 G = Mean time per level.
                   A        B        C        D        E       F      G
               +--------+--------+--------+--------+--------+-----+--------+
         Total |   4575 |   4438 |    137 |    162 |   3463 |   6 |  762.5 |
       Dungeon |   4575 |   4438 |    137 |    162 |   3463 |   6 |  762.5 |
               +--------+--------+--------+--------+--------+-----+--------+

Top non-repeatable levels by time:
     D:5: 1179 daAuts
     D:2: 1033 daAuts
     D:3: 908 daAuts
     D:1: 852 daAuts
     D:6: 509 daAuts
     D:4: 91 daAuts
